 Dungeon Crawl Stone Soup version 0.31.0-4-g52a2dc7128 (webtiles) character file.

Game seed: 7848706164160256929

1476 hikkokomori the Trooper (level 8, 0/50 HPs)
             Began as a Gargoyle Alchemist on Jan 23, 2024.
             Was a Follower of Vehumet.
             Slain by an ogre
             ... wielding a +0 giant spiked club
              (29 damage)
             ... on level 6 of the Dungeon.
             The game lasted 00:18:14 (6050 turns).

hikkokomori the Trooper (Gargoyle Alchemist)        Turns: 6050, Time: 00:18:15

Health: 0/50       AC: 14    Str: 13    XL:     8   Next: 78%
Magic:  2/5        EV: 12    Int: 17    God:    Vehumet [*.....]
Gold:   983        SH:  0    Dex: 17    Spells: 1/15 levels left

rFire   + . .        M - +3 dagger (venom)
rCold   . . .        (no shield)
rNeg    + . .        a - +0 robe
rPois   ∞            m - +2 helmet {SInv}
rElec   +            (no cloak)
rCorr   .            C - +0 pair of gloves
SInv    +            c - +2 pair of boots
Will    .....        (no amulet)
Stlth   +++          h - ring of protection from fire
HPRegen 0.28/turn    t - ring of Juboupae {Wiz ^Drain MP-9 Dex+7 SInv}
MPRegen 0.09/turn

%: wizardry (x1)
@: brilliant
A: sickness immunity, AC +5, negative energy resistance 1, electricity
resistance, torment resistance 1, petrification resistance
a: Renounce Religion


You were on level 6 of the Dungeon.
You worshipped Vehumet.
Vehumet was aware of your devotion.
You visited 2 branches of the dungeon, and saw 10 of its levels.

You collected 983 gold pieces.

Inventory:

Hand Weapons
 i - a +0 rapier
 o - a +0 short sword of flaming
 M - a +3 dagger of venom (weapon)
Armour
 a - a +0 robe (worn)
 c - a +2 pair of boots (worn)
 m - a +2 helmet of see invisible (worn)
 C - a +0 pair of gloves (worn)
Magical Staves
 x - a staff of alchemy
Jewellery
 h - a ring of protection from fire (left hand)
 s - a ring of positive energy
 t - the ring of Juboupae (right hand) {Wiz ^Drain MP-9 Dex+7 SInv}
   (You found it on level 4 of the Dungeon)

   [ring of wizardry]

   Wiz:       It improves your spell success rate.
   Dex+7:     It affects your dexterity (+7).
   MP-9:      It affects your magic capacity (-9).
   SInv:      It lets you see invisible.
   ^Drain:    It drains your maximum health when unequipped.
 y - a ring of resist corrosion
 D - a ring of protection from cold
 E - the ring "Vowo" {rPois rC+ Will- rCorr Str+6}
   (You took it off an orc on level 5 of the Dungeon)

   [ring of strength]

   Str+6:     It affects your strength (+6).
   rC+:       It protects you from cold.
   rPois:     It protects you from poison Will-: It decreases your willpower.
   rCorr:     It protects you from acid and corrosion.
 H - an amulet of faith
 J - a ring of protection from fire
 K - a ring of positive energy
Wands
 g - a wand of digging (9)
 k - a wand of flame (39)
 F - a wand of iceblast (8)
 I - a wand of charming (22)
Scrolls
 e - 2 scrolls of immolation
 f - a scroll of torment
 j - a scroll of noise
 n - a scroll of fear
 p - 2 scrolls of fog {unknown}
 u - a scroll of revelation
 w - 2 scrolls of poison
 G - a scroll of brand weapon
 N - a scroll of teleportation {unknown}
Potions
 b - a potion of magic
 d - 4 potions of haste
 l - 4 potions of attraction
 q - a potion of berserk rage {unknown}
 v - 4 potions of curing
 z - 3 potions of mutation
 A - a potion of enlightenment
 B - a potion of lignification
 L - a potion of cancellation {unknown}


   Skills:
 + Level 5.5 Fighting
 + Level 2.7 Short Blades
 - Level 1.5 Dodging
 - Level 5.2 Stealth
 - Level 4.1 Spellcasting
 - Level 1.1 Conjurations
 + Level 1.0 Fire Magic
 + Level 5.0 Alchemy
 + Level 2.7 Evocations


You had one spell level left.
You knew the following spells:

 Your Spells              Type           Power      Damage    Failure   Level
a - Sting                 Conj/Alch      80%        1d8       1%          1
b - Mercury Vapours       Alch/Air       36%        N/A       3%          2
c - Mephitic Cloud        Conj/Alch/Air  15%        N/A       9%          3
d - Olgreb's Toxic Radia  Alch           30%        N/A       9%          4
e - Sticky Flame          Fire/Alch      20%        2d6       17%         4

Your spell library contained the following spells:

 Spells                   Type           Power      Damage    Failure   Level
 Foxfire                  Conj/Fire      40%        2x1d6     4%          1
 Jinxbite                 Hex            10%        N/A       10%         2
 Gell's Gravitas          Tloc           5%         N/A       19%         3
 Teleport Other           Tloc           5%         N/A       19%         3
 Passage of Golubria      Tloc           5%         N/A       50%         4
 Yara's Violent Unravell  Hex/Alch       9%         3d6       50%         5
 Silence                  Hex/Air        2%         N/A       83%         5
 Dispersal                Tloc           2%         N/A       100%        6
 Enfeeble                 Hex            2%         N/A       100%        7
 Lehudib's Crystal Spear  Conj/Erth      4%         10d3      100%        8


Dungeon Overview and Level Annotations

Branches:
Dungeon (9/15)             Temple (1/1) D:4
   Lair: D:8-11         Orc: D:9-12

Altars:
Ashenzari
Cheibriados
Dithmenos
Elyvilon
Fedhas
Hepliaklqana
Kikubaaqudgha
Makhleb
Okawaru
Sif Muna
Trog
Uskayaw
Vehumet
Xom
Yredelemnul
Zin

Shops:
D:1 (*[

Annotations:
D:7 1 transporter
D:8 2 transporters


Innate Abilities, Weirdness & Mutations

You are immune to sickness and miasma.
Your stone body is resilient. (AC +5)
You are immune to poison.
You resist negative energy. (rN+)
You are resistant to electric shocks. (rElec)
You are resistant to unholy torment.
You are immune to petrification.


Message History

The gnoll is almost dead.
You kill the gnoll!
Vehumet accepts your kill.
Unknown command.
Unknown command.
The gnoll sergeant looks even sicker.
Your toxic aura wanes.
You kill the gnoll sergeant!
Vehumet accepts your kill.
Your Fire Magic skill increases to level 1!
Your Alchemy skill increases to level 5!
Unknown command.
An ogre comes into view. It is wielding a +0 giant spiked club.
Found a scroll of poison.
Things that are here:
a +1 trident of protection; a +0 ring mail; a gnoll corpse The ogre hits you with a +0 giant spiked club.
You hit the ogre.
The ogre is poisoned.
The ogre is lightly wounded.
The ogre barely misses you.
You hit the ogre.
The ogre looks as sick as possible!
The ogre is lightly wounded.
You barely miss the ogre.
The ogre is moderately wounded.
The ogre hits you with a +0 giant spiked club!!
You hit the ogre but do no damage.
The ogre looks as sick as possible!
The ogre is moderately wounded.
You hit the ogre but do no damage.
The ogre looks as sick as possible!
The ogre is moderately wounded.
The ogre closely misses you.
You hit the ogre.
The ogre looks as sick as possible!
The ogre is heavily wounded.
The ogre barely misses you.
You hit the ogre.
The ogre is heavily wounded.
You hit the ogre.
The ogre is severely wounded.
The ogre hits you with a +0 giant spiked club!!
Ouch! That really hurt!
You die...

##.#......,,.......,,,...,*
##.#...#.#####....###....,****
....................#....,,,,*
.......#......(..........,,,,*
##.#.............>..#,,,,,,,,*
##.......<..........#,,,,,****
##..#..####.#.......#,,,,,*
..........#.#...))..#,,,,,*
#.#.####........@)###,,,,,*
#.#....,.......$.O...#********
#.###.#*,............# *,,,,,*
#.###.#*,...#.###....# *,,,,,*
#.....#######.***....#**,,,,,****
#...........(.,,,....?.,,,,,,,,,,
#........####,***....###,,,,,****
.............,,**.....**,,,,,*
........##.##***,,,,,,,,,,,,,*


You could see an ogre (extremely poisoned).

Vanquished Creatures
  2 vampire mosquitoes (D:9)
  A phantom (D:5)
  A gnoll sergeant (D:6)
  7 howler monkeys
  An orc priest (D:4)
  A hound (D:4)
  3 jellies
  A sleepcap (D:6)
  4 orc wizards (D:8)
  4 iguanas
  5 adders
  14 gnolls
  2 ufetubi (D:4)
  A ribbon worm (D:5)
  18 orcs
  17 endoplasms
  9 goblins
  10 hobgoblins
  2 jackals (D:1)
  4 quokkas
  2 ball pythons
  6 bats
  6 frilled lizards
  18 kobolds
  2 rats (D:3)
  2 butterflies (D:3)
143 creatures vanquished.

Vanquished Creatures (collateral kills)
  A vampire mosquito (D:9)
1 creature vanquished.

Grand Total: 144 creatures vanquished

Notes
Turn   | Place    | Note
-------+----------+-------------------------------------------
     0 | D:1      | hikkokomori the Gargoyle Alchemist began the quest for the
                  | Orb.
     0 | D:1      | Reached XP level 1. HP: 10/10 MP: 3/3
   174 | D:1      | Found Niacin's Antique Armour Shop.
   236 | D:1      | Reached XP level 2. HP: 16/16 MP: 0/5
   569 | D:1      | Reached skill level 1 in Fighting
   690 | D:1      | Found Tayfon's Weapon Shop.
   747 | D:1      | Found Qaed's Assorted Antiques.
  1138 | D:1      | Reached XP level 3. HP: 20/20 MP: 3/6
  1345 | D:2      | Learned a level 2 spell: Mercury Vapours
  1349 | D:2      | Learned a level 3 spell: Mephitic Cloud
  1815 | D:2      | Found an iron altar of Okawaru.
  1815 | D:2      | Found a hazy altar of Hepliaklqana.
  1815 | D:2      | Found a blossoming altar of Fedhas.
  1815 | D:2      | Found a burning altar of Makhleb.
  1815 | D:2      | Found a bloodstained altar of Trog.
  1815 | D:2      | Found a hazy altar of Hepliaklqana.
  1860 | D:2      | Reached XP level 4. HP: 14/26 MP: 5/8
  1889 | D:2      | Reached XP level 5. HP: 3/30 MP: 6/9
  2125 | D:3      | Found a shimmering altar of Xom.
  2650 | D:4      | Identified the ring of Juboupae {Wiz ^Drain MP-9 Dex+7
                  | SInv}
  2662 | D:3      | Learned a level 4 spell: Olgreb's Toxic Radiance
  2700 | D:4      | Found a broken altar of Ashenzari.
  2956 | D:4      | Noticed a +0 short sword
  2956 | D:4      | Noticed a +0 falchion
  2957 | D:4      | Noticed a +0 falchion
  2957 | D:4      | Noticed a +0 dagger
  2957 | D:4      | Noticed a +0 spear
  2958 | D:4      | Noticed a +0 spear
  2958 | D:4      | Noticed a +0 short sword
  2958 | D:4      | Noticed a +0 dagger
  2960 | D:4      | Found a hide-covered altar of Uskayaw.
  2989 | D:4      | Reached XP level 6. HP: 35/36 MP: 10/10
  3536 | D:4      | Found a staircase to the Ecumenical Temple.
  3879 | Temple   | Entered the Ecumenical Temple
  3913 | Temple   | Became a worshipper of Vehumet
  3970 | D:5      | Entered Level 5 of the Dungeon
  4216 | D:4      | Reached XP level 7. HP: 33/41 MP: 6/12
  4758 | D:5      | Identified the ring "Vowo" {rPois rC+ Will- rCorr Str+6}
  4858 | D:5      | Reached skill level 5 in Stealth
  5373 | D:6      | Identified a scroll of acquirement
  5375 | D:6      | Acquired 640 gold pieces
  5385 | D:6      | Found a glowing drain.
  5441 | D:6      | You fall into a shaft and drop 3 floors!
  5506 | D:9      | Noticed a vampire mosquito
  5509 | D:9      | Noticed a vampire mosquito
  5530 | D:9      | Killed a vampire mosquito
  5531 | D:9      | Reached skill level 1 in Short Blades
  5531 | D:9      | Reached skill level 1 in Evocations
  5531 | D:9      | Reached XP level 8. HP: 28/48 MP: 2/14
  5578 | D:9      | Reached skill level 5 in Fighting
  5596 | D:9      | Found an iron altar of Okawaru.
  5802 | D:8      | Found a transporter.
  5836 | D:8      | Found a transporter.
  5961 | D:8      | Reached * piety under Vehumet
  5961 | D:8      | Offered knowledge of Foxfire by Vehumet.
  5979 | D:7      | Learned a level 4 spell: Sticky Flame
  5989 | D:7      | Found a transporter.
  6039 | D:6      | Reached skill level 1 in Fire Magic
  6039 | D:6      | Reached skill level 5 in Alchemy
  6050 | D:6      | Slain by an ogre

Illustrated notes

Levels and vault maps discovered:
D:1:      grunt_arrival_crossed_arrows, layout_loops_ring, serial_shops,
          nicolae_shop_tiny_waterfront, nicolae_square_shop,
          nicolae_shop_tiny_statue_garden, serial_bayou_ford_a,
          minmay_split_cup_large
D:2:      cheibrodos_fertilizer, layout_rooms
D:3:      layout_basic, xom_butterflies
D:4:      corexii_shantytown, layout_layer_cave, cheibrodos_ashenzari_chains,
          nicolae_uskayaw_en_pointe, minmay_temple_entry_junction
D:5:      layout_rooms, kennysheep_doodads, chequers_serial_rivers_micro_e
D:6:      layout_basic, nicolae_tso_swordbearing_angel, nicolae_ru_awakened_eye,
          portal_sewer_entry_c
D:7:      layout_basic, mainiacjoe_overflow_cross_hatched, nzn_ghost_randoct,
          grunt_ministairs_8, moated_statue, water_boxes_lemuel
D:8:      layout_loops_ring, gammafunk_ghost_hive, serial_bayou_lagoon_a
D:9:      minmay_the_grid_triangle_9x9_recursive_2
          [minmay_the_grid_triangle_9x9_prize_insulated,
          minmay_the_grid_triangle_9x9_intruding_spiral,
          minmay_the_grid_triangle_9x9_swiss_cheese,
          minmay_the_grid_triangle_9x9_subtriangle], layout_stronghold,
          lemuel_tele_altar, grunt_qazlal_clouds, david_lair_shrubbed,
          minmay_nine_imps
Temple:   nicolae_temple_hex_pool

Skill      XL: |  1  2  3  4  5  6  7  8 |
---------------+-------------------------+-----
Fighting       | 1 2 3 4 5 |  5.5
Stealth        | 3 4 5 |  5.2
Alchemy        | 3 4 5 |  5.0
Spellcasting   | 3 4 |  4.1
Short Blades   | 1 2 |  2.7
Evocations     | 1 2 |  2.7
Fire Magic     | 1 |  1.0
Dodging        | |  1.5
Conjurations   | |  1.1

Action                     |  1- 3 |  4- 6 |  7- 9 || total
---------------------------+-------+-------+-------++-------
  Melee: Unarmed           |    29 |       |       ||    29
         Rapier            |    30 |       |       ||    30
         Short sword       |    17 |   293 |   126 ||   436
         Punch             |     1 |     4 |     4 ||     9
         Dagger            |       |       |    19 ||    19
         Staff             |       |       |     2 ||     2
   Cast: Sting             |    50 |    18 |    25 ||    93
         Mercury Vapours   |       |    10 |       ||    10
         Mephitic Cloud    |       |     1 |     1 ||     2
         Olgreb's Toxic Ra |       |       |     5 ||     5
  Evoke: Wand              |       |       |     6 ||     6
    Use: Scroll            |     7 |       |    12 ||    19
         Potion            |       |     2 |     3 ||     5
   Stab: Sleeping          |     2 |     7 |       ||     9
         Confused          |       |     1 |     2 ||     3
 Armour: Robe              |    46 |   198 |    98 ||   342
  Dodge: Dodged            |    44 |   193 |    83 ||   320
